 Dungeon Crawl Stone Soup version 0.31-a0-963-ga325b2283a (webtiles) character file.

Game seed: 6216537333863944591

249 IdlyInterested the Cutter (level 5, -2/41 HPs)
             Began as a Demonspawn Gladiator on Oct 24, 2023.
             Killed by divine providence
             ... invoked by an orc priest
              (14 damage)
             ... on level 3 of the Dungeon.
             The game lasted 00:07:10 (2700 turns).

IdlyInterested the Cutter (Demonspawn Gladiator)    Turns: 2700, Time: 00:07:11

Health: -2/41      AC: 10    Str: 14    XL:     5   Next: 87%
Magic:  5/5        EV: 11    Int: 10    God:
Gold:   125        SH:  0    Dex: 16    Spells: 4/4 levels left

rFire   . . .        i - +0 short sword (elec)
rCold   . . .        p - +0 buckler
rNeg    . . .        l - +0 ring mail
rPois   .            c - +0 helmet
rElec   .            r - +0 cloak
rCorr   .            h - +0 pair of gloves
SInv    .            (no boots)
Will    .....        (no amulet) Stlth
                     (no ring)
HPRegen 0.26/turn    (no ring)
MPRegen 0.09/turn

%: no passive effects
@: confused, ambrosia-drunk
A: ignite blood 1, sharp scales 1
a: no special abilities


You were on level 3 of the Dungeon.
You visited 1 branch of the dungeon, and saw 3 of its levels.

You collected 125 gold pieces.

Inventory:

Hand Weapons
 a - a +0 rapier
 i - a +0 short sword of electrocution (weapon)
 s - a +1 dagger of speed
Missiles
 d - 3 throwing nets
 e - a javelin
 f - 63 stones (quivered)
 t - 4 poisoned darts
Armour
 c - a +0 helmet (worn)
 h - a +0 pair of gloves (worn)
 l - a +0 ring mail (worn)
 o - a +0 helmet
 p - a +0 buckler (worn)
 r - a +0 cloak (worn)
Wands
 q - a wand of charming (6)
Scrolls
 b - a scroll of amnesia
 j - 2 scrolls of teleportation {unknown}
 k - a scroll of enchant armour
 m - a scroll of blinking {unknown}
Potions
 n - a potion of might {unknown}


   Skills:
 - Level 3.0 Fighting
 - Level 3.0 Short Blades
 + Level 2.3 Throwing
 - Level 3.0 Armour
 - Level 3.0 Dodging
 - Level 2.0 Stealth
 - Level 2.0 Evocations


You had 4 spell levels left.
You didn't know any spells.
Your spell library contained the following spells:

 Spells                   Type           Power      Damage    Failure   Level
 Summon Small Mammal      Summ           0%         N/A       71%         1
 Ignite Poison            Fire/Tmut/Pois 0%         N/A       97%         3
 Animate Armour           Summ/Erth      0%         N/A       100%        4
 Iskenderun's Mystic Bla  Conj/Tloc      0%         2d3       100%        4
 Sticky Flame             Conj/Fire      0%         2d3       100%        4
 Freezing Cloud           Conj/Ice/Air   0%         6-21      100%        5
 Starburst                Conj/Fire      0%         6d3       100%        6
 Ignition                 Fire           0%         3d3       100%        8


Dungeon Overview and Level Annotations

Branches:
Dungeon (3/15)

Altars:

Shops:
D:3 !


Innate Abilities, Weirdness & Mutations

Your demonic aura sometimes causes spilled blood to erupt in flames.
You are partially covered in razor-sharp scales. (AC +1, Slay +1)


Message History

The orc is almost dead.
The orc priest mumbles some strange prayers to Beogh against you.
Beogh smites you! The orc hits you but does no damage.
You hit the orc.
You kill the orc!
The orc priest mumbles some strange prayers to Beogh against you.
Beogh smites you!
An orc wizard comes into view. It is wielding a +0 dagger.
Things that are here:
a +0 club; an orc corpse The orc wizard shouts!
You hit the orc but do no damage. The orc hits you but does no damage.
You hit the orc but do no damage.
The orc priest calls down the wrath of Beogh upon you.
Beogh smites you!
* * * LOW HITPOINT WARNING * * *
The orc barely misses you.
You are confused.
You feel invigorated.
You hit the orc but do no damage. The orc barely misses you.
You miss the orc.
You feel less invigorated.
You feel less confused. The orc wizard closely misses you.
The orc priest hits you but does no damage.
The orc hits you but does no damage.
You hit the orc priest.
The orc priest is moderately wounded.
The orc wizard mumbles some strange words.
The orc wizard flickers and vanishes!
Deactivating autopickup; reactivate with Ctrl-A.
The orc priest calls down the wrath of Beogh upon you.
Pain shoots through your body!
* * * LOW HITPOINT WARNING * * *
The orc hits you with a +0 dagger.
* * * LOW HITPOINT WARNING * * *
You are confused.
You feel invigorated. Something hits you but does no damage.
The orc priest invokes the aid of Beogh against you.
Beogh smites you!
You die...

##.###.# #.##.
#...##.#### #....
..........# +# #....
#...##.##.#### ##.# #
###.#
##.###.##.##.#####...#.#
#.# #.#
#.##.##.##........# #.#
#.# #.##.##.##.......
#.# #.# #.##.##.# #o{.#
#.# #.# #.......###@o.#
#.# ##.###...........#.#
#. .............#####.#
....###.#.#..... ...
.....##.#.###### #.##
......#.....# #.#
.....##.....# ..#
............# ##.###
....###.....# #...###


You could see an orc priest and an orc.

Vanquished Creatures
  An ogre (D:3)
  A kobold brigand (D:3)
  A gnoll (D:1)
  4 adders
  A worm (D:3)
  2 dart slugs
  An orc (D:3)
  5 endoplasms
  3 giant cockroaches (D:2)
  4 goblins
  7 hobgoblins
  2 jackals (D:1)
  5 kobolds
  3 quokkas
  2 ball pythons
  3 frilled lizards
  2 rats (D:1)
47 creatures vanquished.

Notes
Turn   | Place    | Note
-------+----------+-------------------------------------------
     0 | D:1      | IdlyInterested the Demonspawn Gladiator began the quest for
                  | the Orb.
     0 | D:1      | Reached XP level 1. HP: 16/16 MP: 1/1
   163 | D:1      | Reached skill level 1 in Armour
   330 | D:1      | Reached skill level 1 in Evocations
   330 | D:1      | Gained mutation: Your demonic aura sometimes causes spilled
                  | blood to erupt in flames. [demonic ancestry]
   330 | D:1      | Reached XP level 2. HP: 22/22 MP: 2/2
   527 | D:1      | Reached skill level 1 in Stealth
   543 | D:1      | Got the Directory of Radiant Illusion
   914 | D:1      | Reached XP level 3. HP: 24/27 MP: 3/3
  1564 | D:2      | Reached XP level 4. HP: 33/33 MP: 4/4
  2470 | D:3      | Noticed an ogre
  2476 | D:3      | Killed an ogre
  2477 | D:3      | Gained mutation: You are partially covered in razor-sharp
                  | scales. (AC +1, Slay +1) [demonic ancestry]
  2477 | D:3      | Reached XP level 5. HP: 40/41 MP: 5/5
  2521 | D:3      | Found Meuteahu's Distillery.
  2700 | D:3      | Killed from afar by an orc priest

Illustrated notes

Levels and vault maps discovered:
D:1:      dpeg_arrival_morbid_curiosity, layout_rooms, serial_forest,
          infiniplex_forest_lined_2, infiniplex_forest_end_1,
          infiniplex_forest_zigzag_1, infiniplex_forest_lined_corner,
          infiniplex_forest_straight_4, infiniplex_forest_straight_1,
          infiniplex_forest_clump_C
D:2:      kb_forest_paths, layout_loops_ring
D:3:      minmay_octagon_keep, layout_loops_ring, serial_shops,
          nicolae_shop_tiny_waterfront

Skill      XL: |  1  2  3  4  5 |
---------------+----------------+-----
Armour         | 1 2 3 |  3.0
Evocations     | 1 2 |  2.0
Stealth        | 1 2 |  2.0
Throwing       | 2 |  2.3
Short Blades   | 3 |  3.0
Dodging        | 3 |  3.0
Fighting       | 3 |  3.0

Action                     |  1- 3 |  4- 6 || total
---------------------------+-------+-------++-------
  Melee: Rapier            |    77 |       ||    77
         Short sword       |    40 |    73 ||   113
  Throw: Stone             |     3 |     4 ||     7
         Throwing net      |       |     1 ||     1
    Use: Potion            |     1 |     2 ||     3
         Scroll            |       |     2 ||     2
   Stab: Sleeping          |     1 |       ||     1
         Held in net/web   |       |     1 ||     1
 Armour: Leather armour    |    43 |       ||    43
         Ring mail         |     8 |    33 ||    41
  Dodge: Dodged            |    67 |    28 ||    95
  Block: Buckler           |     2 |     9 ||    11

Table legend: (Time is in decaauts)
 A = Elapsed time spent in this place.
 B = Non-inter-level travel time spent in this place.
 C = Inter-level travel time spent in this place.
 D = Time resting spent in this place.
 E = Time spent auto-exploring this place.
 F = Levels seen in this place.
 G = Mean time per level.
                   A        B        C        D        E       F      G
               +--------+--------+--------+--------+--------+-----+--------+
         Total |   2696 |   2355 |    341 |    251 |   1485 |   3 |  898.7 |
       Dungeon |   2696 |   2355 |    341 |    251 |   1485 |   3 |  898.7 |
               +--------+--------+--------+--------+--------+-----+--------+

Top non-repeatable levels by time:
     D:1: 1163 daAuts
     D:2: 912 daAuts
     D:3: 621 daAuts
